Map: Chantier naval orbital

Players

kyunii

  • Race: Zerg Zerg
  • League: Grandmaster

AgCl - Winner!

  • Race: Protoss Protoss
  • League: Grandmaster

VOD

Have the link to the VOD?

Description

Time

  • Played on: June 5, 2015, 11:55 p.m.
  • Length: 11:22
Show
View Real Time Build Order
Export as new Build Order

kyunii Zerg 

Build Orders: Hatch First 

Get SALT Encoding   

  12  0:01  Drone  
  13  0:08  Drone  
  14  0:17  Overlord  
  14  0:32  Drone, Extractor  
  15  0:48  Drone  
  16  0:51  Hatchery, Drone  
  16  0:55  Drone  
  17  1:10  Spawning Pool  
  16  1:14  Drone  
  17  1:19  Extractor  
  17  1:20  Drone  
  17  1:24  Drone  
  18  1:34  Drone  
  18  1:35  Extractor  
  18  1:43  Drone  
  19  1:57  Queen  
  19  1:58  Drone  
  22  2:04  Queen  
  22  2:05  Drone  
  22  2:08  Drone  
  26  2:14  Drone  
  26  2:15  Drone  
  28  2:29  Overlord x2  
  28  2:42  Lair  
  28  2:49  Queen  
  30  2:53  Drone  
  31  2:59  Overlord  
  31  3:00  Metabolic Boost  
  31  3:06  Drone  
  32  3:14  Zergling x6  
  32  3:19  Drone x2  
  37  3:22  Drone  
  38  3:42  Drone x2, Spire  
  38  3:43  Drone x2  
  41  3:50  Drone x2  
  41  3:51  Drone  
  41  3:52  Drone  
  41  3:55  Extractor  
  44  3:56  Drone  
  44  3:58  Extractor  
  44  4:01  Drone  
  45  4:05  Overlord  
  45  4:09  Overseer  
  45  4:14  Drone  
  45  4:15  Overlord  
  46  4:18  Drone x2  
  46  4:21  Overlord  
  48  4:32  Queen  
  48  4:44  Queen  
  48  4:45  Evolution Chamber  
  49  4:49  Overlord  
  49  4:57  Overlord  
  49  5:04  Spore Crawler  
  49  5:06  Drone x2, Spore Crawler  
  49  5:08  Queen  
  51  5:16  Mutalisk x3  
  51  5:17  Mutalisk  
  59  5:23  Mutalisk  
  61  5:29  Overlord  
  61  5:36  Mutalisk x2  
  61  5:39  Mutalisk  
  61  5:42  Mutalisk  
  67  5:49  Mutalisk  
  69  5:50  Mutalisk  
  73  6:00  Corruptor  
  66  6:18  Corruptor x2  
  66  6:19  Corruptor  
  70  6:26  Mutalisk  
  70  6:31  Overlord, Zergling x8  
  77  6:32  Drone  
  77  6:36  Drone x2  
  79  6:40  Overlord  
  79  6:44  Drone  
  79  6:46  Zerg Flyer Weapons Level 1  
  80  6:50  Zerg Melee Weapons Level 1  
  80  6:58  Mutalisk  
  76  7:15  Corruptor  
  71  7:18  Zergling x2  
  73  7:25  Mutalisk x2  
  67  7:37  Corruptor  
  61  7:42  Mutalisk  
  65  7:52  Mutalisk  
  61  8:05  Mutalisk  
  61  8:08  Zergling x8  
  61  8:09  Queen x2, Zergling x2  
  61  8:12  Zergling x4  
  71  8:13  Mutalisk  
  71  8:15  Zergling x2  
  73  8:22  Zergling x2  
  73  8:26  Mutalisk  
  66  8:43  Mutalisk  
  66  8:44  Mutalisk  
  74  8:56  Mutalisk  
Show
View Real Time Build Order
Export as new Build Order

AgCl Protoss - Winner!

Build Orders: Oracle Opening, Oracle Opening, Carrier Rush 

Get SALT Encoding   

  12  0:14  Pylon  
  12  0:16  Probe  
  13  0:28  Probe, Assimilator  
  14  0:39  Gateway  
  14  0:43  Probe  
  15  0:55  Probe  
  16  1:07  Probe  
  17  1:13  Assimilator  
  17  1:19  Probe  
  18  1:28  Cybernetics Core  
  18  1:32  Probe (Chrono Boost)  
  19  1:44  Probe (Chrono Boost)  
  20  1:51  Probe (Chrono Boost)  
  21  2:01  Probe  
  22  2:08  Pylon  
  22  2:12  Warp Gate (Chrono Boost)  
  22  2:23  Nexus  
  22  2:28  Probe (Chrono Boost)  
  23  2:40  Mothership Core (Chrono Boost)  
  23  2:41  Stargate  
  25  2:49  Pylon  
  25  2:55  Probe  
  26  3:07  Probe  
  26  3:11  Assimilator  
  27  3:19  Probe  
  28  3:24  Oracle (Chrono Boost)  
  31  3:31  Fleet Beacon  
  31  3:34  Probe (Chrono Boost)  
  32  3:37  Probe (Chrono Boost)  
  33  3:45  Probe (Chrono Boost)  
  33  3:46  Probe (Chrono Boost)  
  35  3:51  Probe  
  35  3:53  Probe (Chrono Boost), Carrier (Chrono Boost)  
  37  4:05  Probe (Chrono Boost)  
  37  4:07  Probe (Chrono Boost)  
  39  4:16  Probe x2 (Chrono Boost)  
  47  4:23  Probe (Chrono Boost)  
  47  4:24  Probe (Chrono Boost)  
  49  4:34  Probe (Chrono Boost)  
  49  4:38  Graviton Catapult  
  51  4:41  Probe (Chrono Boost)  
  51  4:48  Gateway, Protoss Air Weapons Level 1  
  51  4:49  Probe (Chrono Boost)  
  51  4:51  Pylon  
  52  4:57  Carrier (Chrono Boost)  
  52  5:09  Probe (Chrono Boost)  
  52  5:10  Pylon  
  52  5:12  Assimilator  
  52  5:13  Probe (Chrono Boost)  
  62  5:28  Probe (Chrono Boost)  
  62  5:29  Probe (Chrono Boost)  
  62  5:32  Gateway, Pylon  
  62  5:34  Pylon  
  62  5:35  Gateway  
  62  5:40  Probe  
  62  5:41  Probe, Anion Pulse-Crystals  
  62  5:42  Gateway  
  64  5:49  Stargate  
  64  5:53  Probe  
  64  5:56  Carrier (Chrono Boost)  
  65  5:58  Pylon  
  61  6:33  Probe  
  61  6:34  Nexus  
  61  6:36  Phoenix (Chrono Boost)  
  61  6:37  Assimilator  
  61  6:38  Probe  
  65  6:42  Assimilator  
  65  6:45  Probe, Forge  
  65  6:46  Pylon  
  66  6:49  Protoss Air Weapons Level 2  
  66  6:53  Phoenix (Chrono Boost)  
  68  6:59  Adept  
  70  7:05  Stalker  
  72  7:25  Carrier (Chrono Boost)  
  72  7:28  Stalker x2  
  74  7:35  Protoss Ground Weapons Level 1 (Chrono Boost)  
  74  7:37  Probe  
  73  7:40  Pylon  
  73  7:42  Probe  
  73  7:44  Pylon, Photon Cannon  
  74  7:46  Probe, Pylon  
  74  7:47  Phoenix (Chrono Boost)  
  74  7:49  Probe  
  84  7:55  Probe  
  84  7:58  Probe  
  84  8:17  Phoenix (Chrono Boost)  
  86  8:22  Stargate  
  86  8:25  Pylon, Photon Cannon x2  
  86  8:28  Gateway  
  86  8:29  Probe (Chrono Boost)  
  86  8:30  Gateway  
  86  8:33  Probe (Chrono Boost)  
  89  8:35  Probe (Chrono Boost)  
  89  8:36  Carrier (Chrono Boost), Robotics Facility  
  89  8:38  Probe (Chrono Boost)  
  89  8:39  Pylon  
  88  8:43  Probe  
  85  8:50  Phoenix (Chrono Boost)  
  93  8:57  Probe (Chrono Boost)  
  93  9:00  Probe (Chrono Boost)  
  96  9:05  Probe (Chrono Boost)  
  97  9:10  Probe (Chrono Boost)  
  97  9:18  Zealot  
  97  9:20  Probe, Carrier (Chrono Boost)  
  97  9:21  Probe  
  101  9:25  Probe, Protoss Shields Level 1 (Chrono Boost)  
  108  9:32  Probe  
  108  9:33  Twilight Council  
  108  9:37  Gateway  
  109  9:38  Carrier (Chrono Boost)  
  109  9:42  Pylon  
  109  9:49  Carrier (Chrono Boost)  
  115  10:04  Nexus  
  121  10:07  Pylon  
  121  10:08  Probe  
  122  10:18  Observer (Chrono Boost)  
  123  10:24  Gateway  
  123  10:28  Gateway  
  123  10:31  Gateway  
  123  10:32  Pylon  
  123  10:33  Observer (Chrono Boost)  
  124  10:54  Photon Cannon  
  132  11:00  Pylon  
  132  11:02  Assimilator  
  132  11:06  Templar Archives  
  132  11:07  Pylon  
Tags
 
Add a new tag
Caveats
  • Supply blocks, unpowered buildings, or Contaminate may cause inaccurate times.
  • Supply counts are checked every 10 seconds.